 Dungeon Sprint DCSS version 0.29-a0-194-g6e3aafee17 (webtiles) character file.

Game seed: 16430774965545734583

29673 mhtbhm the Warrior (level 13, -8/100 HPs)
             Began as a Gargoyle Fighter on Feb 22, 2022.
             Was the Champion of Qazlal.
             Killed from afar by a fire dragon (60 damage)
             ... with a blast of flame
             ... in the Dungeon (Sprint IX: "|||||||||||||||||||||||||||||").
             The game lasted 00:07:19 (3279 turns).

mhtbhm the Warrior (Gargoyle Fighter)               Turns: 3279, Time: 00:07:20

Health: -8/100     AC: 39    Str: 26    XL:     13   Next: 46%
Magic:  16/16      EV: 10    Int:  8    God:    Qazlal [******]
Gold:   166        SH: 21    Dex:  9    Spells: 12/12 levels left

rFire   . . .      SeeInvis .   a - +8 whip "Snakebite" {venom, curare, rPois}
rCold   . . .      Faith    .   c - +0 buckler
rNeg    + . .      Spirit   .   b - +2 plate armour {Will+}
rPois   ∞          Reflect  +   n - +1 helmet
rElec   +          Harm     .   x - +0 cloak
rCorr   .          Rampage  .   o - +0 pair of gloves
Will    +....      NoTele   +   (no boots)
Stlth   ..........              C - amulet of reflection
HPRegen 0.26/turn               p - +4 ring of slaying
MPRegen 0.15/turn               q - +2 ring of protection

@: protected from physical damage, repel missiles
A: sickness immunity, AC +9, negative energy resistance 1, electricity
resistance, torment resistance 1, petrification resistance
a: Renounce Religion, Upheaval, Elemental Force, Disaster Area


You were in the Dungeon.
You worshipped Qazlal.
Qazlal was exalted by your worship.
You visited 1 branch You collected 1908 gold pieces.
You spent 1742 gold pieces at shops.

Inventory:

Hand Weapons
 a - the +8 whip "Snakebite" (weapon) {venom, curare, rPois}
   (You found it in the Dungeon)

   It poisons the flesh of those it strikes.
   It occasionally inflicts asphyxiating poison on those it strikes, dealing
   poison damage and causing slowness.
   rPois:     It protects you from poison.
Missiles
 w - 4 atropa-tipped darts (quivered)
 A - 5 curare-tipped darts
 B - 3 throwing nets
Armour
 b - a +2 plate armour of willpower (worn)
 c - a +0 buckler (worn)
 n - a +1 helmet (worn)
 o - a +0 pair of gloves (worn)
 x - a +0 cloak (worn)
Jewellery
 p - a +4 ring of slaying (left hand)
 q - a +2 ring of protection (right hand)
 C - an amulet of reflection (around neck)
Wands
 m - a wand of acid (9)
 y - a wand of flame (7)
Scrolls
 j - 5 scrolls of blinking
 l - 2 scrolls of amnesia
 s - 6 scrolls of enchant armour
 t - 2 scrolls of enchant weapon
 u - a scroll of summoning
 v - 2 scrolls of identify
 E - a scroll of fear
 F - 3 scrolls of fog
Potions
 d - 6 potions of might
 e - 8 potions of curing
 f - 2 potions of heal wounds
 g - 3 potions of haste
 h - 4 potions of magic
 i - 2 potions of berserk rage
 k - 2 potions of invisibility
 r - a potion of attraction {unknown}
 z - a potion of ambrosia {unknown}
 D - a potion of mutation


   Skills:
 + Level 19.3 Fighting
 + Level 18.2 Maces & Flails
 + Level 1.1 Throwing
 + Level 14.7 Armour
 + Level 9.8 Dodging
 + Level 1.9 Stealth
 + Level 19.2 Shields
 + Level 4.0 Invocations
 + Level 3.6 Evocations


You had 12 spell levels left.
You didn't know any spells.
Your spell library was empty.

Dungeon Overview and Level Annotations

Branches:
Dungeon (1/1)

Altars:
Cheibriados
Dithmenos
Elyvilon
Fedhas
Gozag
Hepliaklqana
Kikubaaqudgha
Makhleb
Nemelex Xobeh
Okawaru
Qazlal
Ru
Sif Muna
Trog
Uskayaw
Vehumet
Wu Jian
Xom
Yredelemnul
Zin
The Shining One
Beogh
Jiyva
Lugonu

Shops:
D *==!


Innate Abilities, Weirdness & Mutations

You are immune to sickness and miasma.
Your stone body is resilient. (AC +9)
You are immune to poison.
You resist negative energy. (rN+)
You are resistant to electric shocks. (rElec)
You are resistant to unholy torment.
You are immune to petrification.


Message History

You hit the great orb of eyes but do no damage.
The great orb of eyes is poisoned.
The great orb of eyes is lightly wounded.
You barely miss the great orb of eyes.
The great orb of eyes is lightly wounded.
The great orb of eyes barely misses you.
You thrash the great orb of eyes!!
The great orb of eyes is heavily wounded.
You hit the great orb of eyes but do no damage.
The great orb of eyes is heavily wounded.
You block the great orb of eyes's attack.
You hit the great orb of eyes but do no damage.
The great orb of eyes looks as sick as possible!
The great orb of eyes is heavily wounded.
You hit the great orb of eyes but do no damage.
The great orb of eyes looks as sick as possible!
The great orb of eyes is heavily wounded.
You block the great orb of eyes's attack.
You whack the great orb of eyes!
The great orb of eyes is severely wounded.
You barely miss the great orb of eyes.
The great orb of eyes is severely wounded.
You block the great orb of eyes's attack.
You hit the great orb of eyes.
The great orb of eyes is almost dead.
You whack the great orb of eyes!
The great orb of eyes is almost dead.
The great orb of eyes bites you but does no damage.
You whack the great orb of eyes!
You kill the great orb of eyes!
Qazlal accepts your kill. You block the fire dragon's attack.
The fire dragon barely misses you.
The fire dragon tramples you but does no damage.
Items here: ( ))) [[ ††.
You hit the fire dragon.
The fire dragon is poisoned.
The fire dragon is lightly wounded.
The fire dragon breathes flames at you. The blast of flame hits you!!!
Ouch! That really hurt!
You die...

††........'†††.....)...'...[[[..'
▓▓▓▓▓▓▓▓▓▓▓▓▓▓▓▓▓▓▓▓▓▓▓▓▓▓▓▓▓▓▓▓▓
.............)................)..
▓▓▓▓▓▓▓▓▓▓▓▓▓▓▓▓▓▓▓▓▓▓▓▓▓▓▓▓▓▓▓▓▓
)))......'))...∩.∩.∩.∩.)...'.....
▓▓▓▓▓▓▓▓▓▓▓▓▓▓▓▓▓▓▓▓▓▓▓▓▓▓▓▓▓▓▓▓▓
.................................
▓▓▓▓▓▓▓▓▓▓▓▓▓▓▓▓▓▓▓▓▓▓▓▓▓▓▓▓▓▓▓▓▓
[.......°°B+).)†@D......
▓▓▓▓▓▓▓▓▓▓▓▓▓▓▓▓▓▓▓▓▓▓▓▓


You could see a fire dragon (very poisoned, catching breath).

Vanquished Creatures
  A stone giant (D)
  A vampire knight (D)
  Josephine (D)
  A great orb of eyes (D)
  An ice dragon (D)
  A rakshasa (D)
  Harold (D)
  A hydra (D)
  2 boulder beetles (D)
  2 catoblepae (D)
  2 centaur warriors (D)
  2 two-headed ogres (D)
  A tengu warrior (D)
  4 death yaks (D)
  10 orc high priests (D)
  Sonja (D)
  7 orc knights (D)
  An ugly thing (D)
  A cyclops (D)
  A manticore (D)
  2 cane toads (D)
  A komodo dragon (shapeshifter) (D)
  2 rime drakes (D)
  A tengu conjurer (D)
  4 komodo dragons (D)
  A troll (D)
  A blink frog (D)
  5 wraiths (D)
  A wyvern (D)
  4 yaks (D)
  2 basilisks (D)
  Grum (D)
  A vampire mosquito (D)
  4 water moccasins (D)
  9 orc warriors (D)
  2 wolves (D)
  2 bullfrogs (D)
  A howler monkey (D)
  A hound (D)
  4 orc priests (D)
  2 orc wizards (D)
  An adder (D)
  An ufetubus (D)
  A dart slug (D)
  7 orcs (D)
  An endoplasm (D)
  2 goblins (D)
  3 quokkas (D)
  A ball python simulacrum (D)
110 creatures vanquished.

Notes
Turn   | Place    | Note
-------+----------+-------------------------------------------
     0 | D        | mhtbhm the Gargoyle Fighter began the quest for the Orb.
     0 | D        | Reached XP level 1. HP: 14/14 MP: 1/1
    11 | D        | Reached XP level 2. HP: 20/20 MP: 2/2
   135 | D        | Reached XP level 3. HP: 23/24 MP: 3/3
   154 | D        | Reached skill level 5 in Fighting
   154 | D        | Reached skill level 5 in Armour
   154 | D        | Reached skill level 5 in Shields
   258 | D        | Found a snail-covered altar of Cheibriados.
   258 | D        | Found a shadowy altar of Dithmenos.
   258 | D        | Found a white marble altar of Elyvilon.
   258 | D        | Found a blossoming altar of Fedhas.
   258 | D        | Found an opulent altar of Gozag.
   259 | D        | Found a hazy altar of Hepliaklqana.
   260 | D        | Found a viscous altar of Jiyva.
   261 | D        | Found an ancient bone altar of Kikubaaqudgha.
   262 | D        | Found a corrupted altar of Lugonu.
   263 | D        | Found a burning altar of Makhleb.
   264 | D        | Found a sparkling altar of Nemelex Xobeh.
   265 | D        | Found an iron altar of Okawaru.
   266 | D        | Found a stormy altar of Qazlal.
   267 | D        | Found a sacrificial altar of Ru.
   268 | D        | Found a shimmering blue altar of Sif Muna.
   269 | D        | Found a bloodstained altar of Trog.
   292 | D        | Found a hide-covered altar of Uskayaw.
   293 | D        | Found a radiant altar of Vehumet.
   294 | D        | Found an ornate altar of the Wu Jian Council.
   295 | D        | Found a shimmering altar of Xom.
   296 | D        | Found a basalt altar of Yredelemnul.
   298 | D        | Became a worshipper of Qazlal Stormbringer
   300 | D        | Found a glowing silver altar of Zin.
   301 | D        | Found a glowing golden altar of the Shining One.
   309 | D        | Found the +8 whip "Snakebite" {venom, curare, rPois}
   354 | D        | Noticed a yak
   354 | D        | Noticed a vampire mosquito
   354 | D        | Noticed a two-headed ogre
   354 | D        | Noticed a troll
   357 | D        | Killed a yak
   358 | D        | Reached skill level 5 in Maces & Flails
   358 | D        | Reached XP level 4. HP: 32/32 MP: 4/4
   358 | D        | Reached XP level 5. HP: 37/37 MP: 5/5
   365 | D        | Killed a vampire mosquito
   365 | D        | Reached * piety under Qazlal
   366 | D        | Reached skill level 1 in Dodging
   366 | D        | Reached XP level 6. HP: 44/44 MP: 6/6
   375 | D        | Killed a two-headed ogre
   376 | D        | Reached skill level 10 in Armour
   376 | D        | Reached XP level 7. HP: 20/52 MP: 7/7
   376 | D        | Reached XP level 8. HP: 22/57 MP: 8/8
   377 | D        | Reached skill level 10 in Fighting
   381 | D        | Killed a troll
   381 | D        | Reached ** piety under Qazlal
   414 | D        | Noticed a manticore
   414 | D        | Noticed a five-headed hydra
   414 | D        | Noticed a cyclops
   414 | D        | Noticed a wraith
   414 | D        | Noticed a tengu conjurer
   414 | D        | Noticed a two-headed ogre
   419 | D        | Killed a manticore
   420 | D        | Reached skill level 10 in Maces & Flails
   420 | D        | Reached skill level 10 in Shields
   420 | D        | Reached skill level 1 in Evocations
   428 | D        | Killed a five-headed hydra
   429 | D        | Reached XP level 9. HP: 43/64 MP: 9/9
   436 | D        | Killed a cyclops
   436 | D        | Reached *** piety under Qazlal
   452 | D        | Killed a tengu conjurer
   460 | D        | Killed a two-headed ogre
   461 | D        | Reached XP level 10. HP: 31/72 MP: 10/10
   759 | D        | Noticed a cane toad
   766 | D        | Reached **** piety under Qazlal
   783 | D        | Killed a cane toad
   817 | D        | Reached ***** piety under Qazlal
   829 | D        | Noticed a cane toad
   841 | D        | Killed a cane toad
   845 | D        | Reached skill level 5 in Dodging
   872 | D        | Reached ****** piety under Qazlal
   873 | D        | Reached XP level 11. HP: 58/80 MP: 11/11
   897 | D        | Noticed a catoblepas
   897 | D        | Noticed a death yak
   897 | D        | Noticed a catoblepas
   897 | D        | Noticed a death yak
   898 | D        | Noticed a death yak
   911 | D        | Killed a catoblepas
  1252 | D        | Noticed a death yak
  1261 | D        | Killed a death yak
  1262 | D        | Reached skill level 15 in Maces & Flails
  1269 | D        | Killed a catoblepas
  1270 | D        | Reached skill level 15 in Fighting
  1279 | D        | Killed a death yak
  1292 | D        | Killed a death yak
  1300 | D        | Killed a death yak
  1469 | D        | Noticed Josephine
  1488 | D        | Killed Josephine
  1520 | D        | Noticed Sonja
  1541 | D        | Killed Sonja
  1718 | D        | Noticed Grum
  1723 | D        | Noticed Harold
  1730 | D        | Killed Grum
  1743 | D        | Killed Harold
  1744 | D        | Reached XP level 12. HP: 65/90 MP: 12/12
  1883 | D        | Reached skill level 1 in Stealth
  1962 | D        | Noticed an orc high priest
  2023 | D        | Killed an orc high priest
  2024 | D        | Reached skill level 15 in Shields
  2035 | D        | Reached skill level 1 in Invocations
  2348 | D        | Found Arywn's Assorted Antiques.
  2348 | D        | Noticed an orc high priest
  2348 | D        | Noticed an orc high priest
  2348 | D        | Noticed an orc high priest
  2349 | D        | Noticed an orc high priest
  2359 | D        | Found Qargh's Jewellery Shoppe.
  2359 | D        | Noticed an orc high priest
  2367 | D        | Killed an orc high priest
  2380 | D        | Killed an orc high priest
  2681 | D        | Killed an orc high priest
  2691 | D        | Killed an orc high priest
  2706 | D        | Killed an orc high priest
  2707 | D        | Noticed an orc high priest
  2710 | D        | Noticed an orc high priest
  2722 | D        | Killed an orc high priest
  2729 | D        | Killed an orc high priest
  2818 | D        | Found Bythamp's Jewellery Emporium.
  2863 | D        | Found Biabredgh's Distillery.
  2866 | D        | Noticed an orc high priest
  2868 | D        | Noticed an orc high priest
  2870 | D        | Noticed a soul eater
  2879 | D        | Killed an orc high priest
  2889 | D        | Killed an orc high priest
  2901 | D        | Reached XP level 13. HP: 71/99 MP: 15/15
  2906 | D        | Bought a potion of heal wounds for 65 gold pieces
  2906 | D        | Bought a potion of curing for 39 gold pieces
  2906 | D        | Bought a potion of curing for 39 gold pieces
  2906 | D        | Bought a potion of might for 52 gold pieces
  2912 | D        | Bought a potion of invisibility for 152 gold pieces
  2912 | D        | Bought a wand of acid (5) for 152 gold pieces
  2912 | D        | Bought a brown potion for 17 gold pieces
  2912 | D        | Bought a scroll of identify for 38 gold pieces
  2914 | D        | Bought an amulet of reflection for 330 gold pieces
  2920 | D        | Bought a +4 ring of slaying for 858 gold pieces
  3104 | D        | Found the +5 sword of Power {vorpal}
  3189 | D        | Noticed an ice dragon
  3197 | D        | Noticed a rakshasa
  3204 | D        | Noticed a stone giant
  3207 | D        | Reached skill level 1 in Throwing
  3218 | D        | Noticed a vampire knight
  3221 | D        | Noticed a great orb of eyes
  3228 | D        | Noticed a fire dragon
  3243 | D        | Killed a vampire knight
  3244 | D        | Killed an ice dragon
  3249 | D        | Noticed a fire dragon
  3261 | D        | Killed a rakshasa
  3264 | D        | Killed a stone giant
  3277 | D        | Killed a great orb of eyes
  3279 | D        | Killed from afar by a fire dragon

Illustrated notes

Levels and vault maps discovered:
D:        linesprint [early_d, line_temple, items_1, d_10, items_2, lair_1,
          lair_end, items_3, orc_1, orc_end, items_4, d_15, swamp_1, shoals_1,
          snake_1, spider_1, d_20, vaults_1, items_5, swamp_end, shoals_end,
          snake_end, spider_end, vaults_end, d_27, items_6, zot_1, zot_end,
          crypt_end, forest_end, elf_end, slime_end, tomb_end, abyss_end,
          pan_hell_end]

Skill      XL: |  1  2  3  4  5  6  7  8  9 10 11 12 13 |
---------------+----------------------------------------+-----
Fighting       | 4 6 8 9 11 12 14 16 18 19 | 19.3
Armour         | 4 7 8 10 11 12 13 14 | 14.7
Shields        | 4 6 7 9 10 11 12 14 17 19 | 19.2
Maces & Flails | 3 5 6 8 10 12 14 16 17 18 | 18.2
Dodging        | 1 2 3 5 7 8 9 |  9.8
Evocations     | 1 2 3 |  3.6
Stealth        | 1 |  1.9
Invocations    | 3 4 |  4.0
Throwing       | 1 |  1.1

Action                   |  1- 3 |  4- 6 |  7- 9 | 10-12 | 13-15 || total
-------------------------+-------+-------+-------+-------+-------++-------
Melee: Flail             |    43 |       |       |       |       ||    43
       Whip              |     3 |    12 |    48 |   470 |    88 ||   621
Throw: Dart              |       |       |       |     1 |       ||     1
Invok: Disaster Area     |       |       |       |     1 |       ||     1
Evoke: Wand              |       |     2 |     2 |     1 |     3 ||     8
  Use: Potion            |       |       |     1 |     2 |     1 ||     4
       Scroll            |       |       |       |     1 |       ||     1
Armor: Scale mail        |    19 |       |       |    31 |       ||    50
       Ring mail         |       |     8 |    14 |    35 |       ||    57
       Plate armour      |       |       |       |       |    20 ||    20
Dodge: Dodged            |    25 |     4 |    21 |    51 |    10 ||   111
       Repelled          |       |       |       |     5 |       ||     5
Block: Buckler           |    10 |     4 |    17 |   145 |    61 ||   237
       Reflection        |       |       |       |       |     2 ||     2

Table legend: (Time is in decaauts)
 A = Elapsed time spent in this place.
 B = Non-inter-level travel time spent in this place.
 C = Inter-level travel time spent in this place.
 D = Time resting spent in this place.
 E = Time spent auto-exploring this place.
 F = Levels seen in this place.
 G = Mean time per level.
                   A        B        C        D        E       F      G
               +--------+--------+--------+--------+--------+-----+--------+
         Total |   2999 |   2999 |      0 |    859 |   1078 |   1 | 2999.0 |
       Dungeon |   2999 |   2999 |      0 |    859 |   1078 |   1 | 2999.0 |
               +--------+--------+--------+--------+--------+-----+--------+

Top non-repeatable levels by time:
       D: 2999 daAuts
